 Dungeon Crawl Stone Soup version 0.31.0-11-ge490571c62 (webtiles) character file.

Game seed: 13706808304141458106

77448 KKCryptic the Thaumaturge (level 16, -6/113 HPs)
             Began as a Djinni Ice Elementalist on Jan 29, 2024.
             Was the Champion of Makhleb.
             Mangled by a broodmother simulacrum (28 damage)
             ... on level 1 of the Spider Nest on Feb 4, 2024.
             The game lasted 02:51:54 (18765 turns).

KKCryptic the Thaumaturge (DjIE)                   Turns: 18765, Time: 02:51:55

Health: -6/113     AC: 23    Str:  9    XL:     16   Next: 5%
Gold:   1507       EV: 22    Int: 29    God:    Makhleb [******] SH:  9 Dex: 20

rFire   + + +        j - staff of cold
rCold   . . .        S - +3 buckler {rF+}
rNeg    + . .        q - +1 troll leather armour {Snorg}
rPois   ∞            y - +4 hat of Haunted Contentment {Str+2 Dex+2}
rElec   .            e - +2 cloak
rCorr   +            p - +1 pair of gloves
SInv    .            (boots unavailable)
Will    ++...        h - amulet of Oplo {Regen+ Dex+4}
Stlth   ++           W - ring of Nuyfom {rN+ Will+ EV+5 Int+4}
HPRegen 1.98/turn    s - ring of resist corrosion
MPRegen 0.00/turn

%: infuse magic (-7 HP)
@: ice-armoured, flying, slowed, very slow
A: sickness immunity, fire resistance 2, cold vulnerability 1, float, innate
caster, HP casting, extra vitality 1
a: Renounce Religion, Minor Destruction, Lesser Servant of Makhleb, Major
Destruction, Greater Servant of Makhleb


You were on level 1 of the Spider Nest.
You worshipped Makhleb.
Makhleb was exalted by your worship.
You visited 4 branches of the dungeon, and saw 21 of its levels.
You also visited: Sewer, Ice Cave and Volcano.

You collected 1842 gold pieces.
You spent 335 gold pieces at shops.

Inventory:

Missiles
 P - 5 darts of dispersal
Armour
 a - a scarf of invisibility
 e - a +2 cloak (worn)
 p - a +1 pair of gloves (worn)
 q - a +1 troll leather armour (worn) {Snorg}
 r - a +2 leather armour of willpower
 y - the +4 hat of Haunted Contentment (worn) {Str+2 Dex+2}
   (You found it in a sewer)

   Str+2:     It affects your strength (+2).
   Dex+2:     It affects your dexterity (+2).
 S - a +3 buckler of fire resistance (worn)
Magical Staves
 j - a staff of cold (weapon)
 I - a staff of conjuration
 U - a staff of alchemy
Jewellery
 h - the amulet of Oplo (around neck) {Regen+ Dex+4}
   (You found it on level 1 of the Lair of Beasts)

   [amulet of regeneration]

   Dex+4:     It affects your dexterity (+4).
   Regen+:    It increases your rate of health regeneration.
 s - a ring of resist corrosion (right hand)
 B - an amulet of reflection
 C - a ring of see invisible
 E - a ring of protection from cold
 W - the ring of Nuyfom (left hand) {rN+ Will+ EV+5 Int+4}
   (You found it on level 2 of the Lair of Beasts)

   [ring of evasion]

   EV+5:      It affects your evasion (+5).
   Int+4:     It affects your intelligence (+4).
   rN+:       It protects you from negative energy.
   Will+:     It increases your willpower.
 Z - the ring of Interdependent Arising {Fire rElec}
   (You found it in an ice cave)

   [ring of fire]

   Fire:      It enhances your fire magic.
   rF+:       It protects you from fire.
   rC-:       It makes you vulnerable to cold.
   rElec:     It insulates you from electricity.
Wands
 g - a wand of flame (52)
 F - a wand of acid (13)
 K - a wand of charming (14)
 M - a wand of iceblast (8)
 Y - a wand of polymorph (7)
Scrolls
 f - 3 scrolls of enchant armour
 k - 7 scrolls of noise
 l - 2 scrolls of blinking
 m - 4 scrolls of fog
 n - 4 scrolls of fear
 t - 13 scrolls of teleportation
 w - 4 scrolls of brand weapon
 x - a scroll of butterflies
 z - a scroll of silence
 A - 6 scrolls of immolation
 D - 2 scrolls of poison
 J - 2 scrolls of vulnerability
 T - 2 scrolls of enchant weapon
Potions
 b - 4 potions of invisibility
 c - 6 potions of enlightenment
 d - 2 potions of berserk rage
 i - 2 potions of mutation
 o - 4 potions of haste
 u - 11 potions of curing
 v - 4 potions of might
 G - a potion of attraction
 H - 4 potions of lignification
 L - a potion of resistance
 O - a potion of brilliance
 Q - 2 potions of heal wounds
 R - 2 potions of cancellation
Miscellaneous
 N - a phantom mirror
 V - a box of beasts (inert)
 X - a condenser vane (inert)


   Skills:
 - Level 10.0 Fighting
 - Level 8.1 Staves
 - Level 10.0 Dodging
 - Level 1.5 Stealth
 - Level 5.0 Shields
 + Level 14.3 Spellcasting
 + Level 14.3 Conjurations
 + Level 14.3 Hexes
 + Level 14.3 Summonings
 + Level 14.3 Necromancy
 + Level 14.3 Translocations
 + Level 14.3 Fire Magic
 + Level 14.3 Ice Magic
 + Level 14.3 Air Magic
 + Level 14.3 Earth Magic
 + Level 14.3 Alchemy
 - Level 10.0 Invocations
 + Level 9.2 Evocations


You knew the following spells:

 Your Spells              Type           Power      Damage    Failure   Level
a - Searing Ray           Conj           100%       2d8       1%          2
b - Freeze                Ice            100%       1d10      0%          1
d - Call Imp              Summ           100%       N/A       1%          2
e - Metabolic Englaciati  Hex/Ice        51%        N/A       1%          5
f - Sculpt Simulacrum     Ice/Alch       51%        N/A       1%          6
g - Magic Dart            Conj           100%       1d8       0%          1
q - Ozocubu's Armour      Ice            100%       N/A       1%          3
s - Summon Ice Beast      Ice/Summ       100%       N/A       1%          3
w - Frozen Ramparts       Ice            100%       1d16      1%          3
x - Yara's Violent Unrav  Hex/Alch       40%        3d16      1%          5
z - Airstrike             Air            40%        2d(6-22)  1%          4
Your spell library was empty.

Dungeon Overview and Level Annotations

Branches:
Dungeon (14/15)            Temple (1/1) D:5            Lair (5/5) D:11
 Shoals (0/4) Lair:2       Spider (1/4) Lair:3        Slime (0/5) Lair:5
    Orc (0/2) D:12          Sewer (visited)           IceCv (visited)
Volcano (visited)
 Vaults: D:13-14

Altars:
Ashenzari
Cheibriados
Dithmenos
Elyvilon
Fedhas
Gozag
Hepliaklqana
Makhleb
Nemelex Xobeh
Okawaru
Qazlal
Ru
Trog
Uskayaw
Wu Jian
Xom
Yredelemnul
Zin
The Shining One
Jiyva
Lugonu

Shops:
D:3 *   D:5 (**?   D:7 [   D:13 ?

Portals:
Abyss: Lair:5


Innate Abilities, Weirdness & Mutations

You are immune to sickness and miasma.
You are immune to poison.
Your flesh is very heat resistant. (rF++)
You are vulnerable to cold. (rC-)
You float through the air rather than walking.
You learn spells naturally, not from books.
Your magical power is your life essence.
You have superior vitality. (+4 MHP)


Message History

The wolf spider simulacrum completely resists.
The wall freezes the wolf spider simulacrum but does no damage.
The wolf spider simulacrum hits you! The wolf spider simulacrum freezes you!
The wolf spider simulacrum misses you.
You hit the wolf spider simulacrum.
The wolf spider simulacrum is moderately damaged.
The wolf spider simulacrum completely resists.
The wall freezes the wolf spider simulacrum but does no damage.
The wolf spider simulacrum misses you.
The wolf spider simulacrum bites you but does no damage.
The wall freezes the culicivora.
The culicivora bites your ice beast!
The broodmother simulacrum completely resists.
The wall freezes the broodmother simulacrum but does no damage.
The broodmother simulacrum bites you!
The broodmother simulacrum freezes you!!
* * * LOW HITPOINT WARNING * * *
Your ice beast hits the wolf spider simulacrum.
Your ice beast freezes the wolf spider simulacrum.
The wolf spider simulacrum completely resists.
Your mature stingfire beast stings the wolf spider simulacrum from afar!
You feel much better.
The frozen ramparts melt away.
The culicivora bites your ice beast!
The wolf spider simulacrum hits you but does no damage.
You block the wolf spider simulacrum's attack.
You block the broodmother simulacrum's attack.
The culicivora closely misses your ice beast.
The wolf spider simulacrum hits you but does no damage.
The wolf spider simulacrum bites you but does no damage.
Your ice beast hits the culicivora.
Your ice beast freezes the culicivora!!
Your mature stingfire beast stings the wolf spider simulacrum from afar.
The culicivora bites your ice beast but does no damage.
The wolf spider simulacrum misses you.
The wolf spider simulacrum closely misses you.
You block the broodmother simulacrum's attack.
The culicivora bites your ice beast! The wolf spider simulacrum misses you.
The wolf spider simulacrum bites you but does no damage.
Your ice beast misses the culicivora.
The broodmother simulacrum bites you!
* * * LOW HITPOINT WARNING * * *
The broodmother simulacrum freezes you!!
You die...

.# ..
.##. #
... .##
..###
#..#
...##w.#
#..#s>.#
#ZZY.#
#@†.#
#H.##
####


You could see a torpor snail, a culicivora (ally target), a wolf spider
simulacrum (ally target), a broodmother simulacrum, a friendly mature stingfire
beast (summoned, slow) and a friendly ice beast (summoned, slow).

Vanquished Creatures
  A broodmother (Spider:1)
  A white draconian (IceCv)
  A deep elf annihilator (D:14)
  Snorg (Lair:3)
  Fannar (Lair:3)
  Erolcha (D:9)
  2 hydras
  2 boulder beetles
  A dancing weapon (D:13)
  3 centaur warriors
  2 two-headed ogres
  2 death yaks (Lair:1)
  A deep troll earth mage (D:14)
  Urug (D:11)
  3 thrashing horrors (Lair:5)
  Sonja (Lair:3)
  A pharaoh ant (Spider:1)
  3 skeletal warriors (D:13)
  A large abomination (Lair:5)
  7 lindwurms
  Pikel (D:7)
  A deep elf pyromancer (D:13)
  3 oklob plants
  A wolf spider (Spider:1)
  2 manticores
  A salamander (Lair:3)
  A moth of wrath (Spider:1)
  2 cyclopes
  8 ugly things
  An ice statue (IceCv)
  2 black mambas
  A smoke demon (Volcano)
  3 unseen horrors
  6 rime drakes
  13 cane toads
  Maggie (D:7)
  7 komodo dragons
  A gargoyle (D:13)
  2 trolls
  3 polar bears
  A tarantella (Spider:1)
  2 raiju (Lair:5)
  13 blink frogs
  2 slime creatures (D:12)
  A shadow (D:11)
  2 culicivoras (Spider:1)
  A wyvern (Lair:3)
  A spriggan (Lair:5)
  9 wraiths
  28 yaks
  2 ynoxinuls (Lair:5)
  5 fire bats (Lair:3)
  2 steam dragons
  7 basilisks
  3 redbacks
  4 vampire mosquitoes (D:10)
  Grum (D:9)
  Edmund (D:6)
  2 chaos spawn (Lair:5)
  10 small abominations (Lair:5)
  9 water moccasins
  A hell hound (Volcano)
  2 black bears
  2 orc warriors
  11 wolves
  2 ogres
  11 centaurs
  A kobold brigand (D:8)
  A lemure (D:7)
  A brain worm (Sewer)
  A gnoll sergeant (D:5)
  5 bullfrogs
  A scorpion (D:4)
  16 wights
  5 killer bees (D:11)
  4 lindwurm simulacra (IceCv)
  2 electric eels
  6 howler monkeys
  A lava snake (Lair:3)
  7 komodo dragon simulacra (IceCv)
  2 hounds
  A centaur skeleton (D:5)
  4 orc priests
  A sleepcap (D:6)
  A bullfrog skeleton (D:5)
  Jessica (D:3)
  3 iguanas
  9 orc wizards
  A scorpion zombie (D:5)
  A hound zombie (D:5)
  A howler monkey zombie (D:5)
  11 gnolls
  4 acid dragon simulacra (IceCv)
  2 adders
  A river rat (Sewer)
  A shadow imp (D:5)
  A white imp (D:7)
  6 ufetubi
  5 steam dragon simulacra (IceCv)
  5 dart slugs
  3 ribbon worms
  27 orcs
  10 ball pythons
  9 endoplasms
  5 giant cockroaches
  11 goblins
  5 hobgoblins
  3 jackals (Sewer)
  16 kobolds
  4 quokkas
  10 bats
  11 frilled lizards
  3 rats
460 creatures vanquished.

Vanquished Creatures (collateral kills)
  Rupert (Lair:3)
  A fire dragon (Volcano)
  Josephine (D:10)
  Harold (D:9)
  A centaur warrior (D:14)
  A two-headed ogre (D:11)
  3 boulder beetles (D:11)
  A thrashing horror (Lair:5)
  A death yak (Lair:1)
  A demonic crawler (Spider:1)
  2 skeletal warriors (D:13)
  A lindwurm (Volcano)
  An oklob plant (D:11)
  4 ugly things
  An ice statue (IceCv)
  A black mamba (Lair:5)
  A cane toad (Lair:3)
  A gargoyle (D:11)
  A rime drake (IceCv)
  A yaktaur (shapeshifter) (Lair:5)
  A blink frog (Lair:1)
  6 slime creatures (D:12)
  2 small abominations (Lair:5)
  3 wraiths
  A ynoxinul (Lair:5)
  A basilisk (Lair:5)
  5 yaks
  2 vampire mosquitoes (D:14)
  An acid dragon (D:10)
  An orc warrior (D:10)
  A sky beast (D:6)
  An ogre (D:4)
  4 wolves (Lair:1)
  A bullfrog (D:9)
  4 wights
  A bullfrog zombie (D:5)
  A jelly (D:5)
  A bullfrog skeleton (D:5)
  A gnoll bouda (D:6)
  3 orc priests
  A centaur skeleton (D:5)
  Terence (D:3)
  An orc wizard (D:3)
  A killer bee zombie (D:5)
  6 gnolls
  2 adders (D:2)
  A white imp (D:6)
  A steam dragon simulacrum (IceCv)
  A ribbon worm (D:3)
  7 orcs
  An endoplasm (D:2)
  A giant cockroach (D:3)
  A hobgoblin (D:3)
  2 jackals (Sewer)
  A ball python (Sewer)
  A kobold (D:2)
96 creatures vanquished.

Grand Total: 556 creatures vanquished

Notes
Turn   | Place    | Note
-------+----------+-------------------------------------------
     0 | D:1      | KKCryptic the Djinni Ice Elementalist began the quest for
                  | the Orb.
     0 | D:1      | KKCryptic set off with the following spells memorised:
                  | Freeze, Frozen Ramparts, Ozocubu's Armour, Summon Ice
                  | Beast.
     0 | D:1      | Reached XP level 1. HP: 15/15 MP: 0/0
   112 | D:1      | Reached XP level 2. HP: 20/22 MP: 0/0
   115 | D:1      | Reached skill level 1 in Fighting
   307 | D:1      | Reached XP level 3. HP: 26/27 MP: 0/0
   307 | D:1      | Learned a level 1 spell: Magic Dart
  1026 | D:2      | Found a hide-covered altar of Uskayaw.
  1080 | D:2      | Reached XP level 4. HP: 29/33 MP: 0/0
  1586 | D:3      | Reached XP level 5. HP: 35/40 MP: 0/0
  1586 | D:3      | Learned a level 2 spell: Call Imp
  1724 | D:3      | Found a white marble altar of Elyvilon.
  1820 | D:3      | Noticed Terence
  1837 | D:3      | Killed Terence
  1873 | D:3      | Reached XP level 6. HP: 42/46 MP: 0/0
  1904 | D:3      | Found a faded altar of an unknown god.
  1915 | D:3      | Noticed Jessica
  1917 | D:3      | Killed Jessica
  1951 | D:3      | Found Wupn's General Store.
  1964 | D:3      | Bought a scroll of identify for 26 gold pieces
  2399 | D:4      | Noticed an ogre
  2421 | D:4      | Killed an ogre
  2523 | D:4      | Reached skill level 5 in Spellcasting
  2523 | D:4      | Reached skill level 5 in Conjurations
  2523 | D:4      | Reached skill level 5 in Hexes
  2523 | D:4      | Reached skill level 5 in Summonings
  2523 | D:4      | Reached skill level 5 in Necromancy
  2523 | D:4      | Reached skill level 5 in Translocations
  2523 | D:4      | Reached skill level 5 in Fire Magic
  2523 | D:4      | Reached skill level 5 in Ice Magic
  2523 | D:4      | Reached skill level 5 in Air Magic
  2523 | D:4      | Reached skill level 5 in Earth Magic
  2523 | D:4      | Reached skill level 5 in Alchemy
  2523 | D:4      | Reached XP level 7. HP: 45/53 MP: 0/0
  2523 | D:4      | Learned a level 2 spell: Searing Ray
  2549 | D:4      | Found a glowing drain.
  2552 | D:4      | Noticed a steam dragon
  2554 | Sewer    | Entered a sewer
  2680 | Sewer    | Identified the +4 hat of Haunted Contentment {Str+2 Dex+2}
  2822 | Sewer    | Reached skill level 5 in Fighting
  3154 | D:4      | Killed a steam dragon
  3155 | D:4      | Reached skill level 1 in Staves
  3979 | D:5      | Entered Level 5 of the Dungeon
  4002 | D:5      | Reached XP level 8. HP: 51/59 MP: 0/0
  4030 | D:5      | Found Gicom's Weapon Shoppe.
  4317 | D:5      | Found Roixadet's General Store.
  4323 | D:5      | Bought 3 scrolls of identify for 66 gold pieces
  4326 | D:5      | Reached skill level 5 in Evocations
  4326 | D:5      | Reached XP level 9. HP: 69/69 MP: 0/0
  4326 | D:5      | Learned a level 4 spell: Airstrike
  4551 | D:5      | Found Jeveceli's Magic Scroll Boutique.
  4554 | D:5      | Bought 3 scrolls of identify for 90 gold pieces
  4615 | D:5      | Found a staircase to the Ecumenical Temple.
  4620 | Temple   | Entered the Ecumenical Temple
  4641 | Temple   | Became a worshipper of Makhleb the Destroyer
  4661 | D:5      | Found Deaphur's Assorted Antiques.
  5400 | D:6      | Noticed Edmund
  5406 | D:6      | Killed Edmund
  5711 | D:6      | Reached XP level 10. HP: 74/77 MP: 0/0
  5909 | D:7      | Found Ezxare's Antique Armour Boutique.
  5917 | D:7      | Bought a masterwork robe for 153 gold pieces
  5917 | D:7      | Identified the +1 robe "Xoicu" {Regen+} (You bought it in a
                  | shop on level 7 of the Dungeon)
  6012 | D:7      | Noticed Maggie
  6202 | D:7      | Killed Maggie
  6202 | D:7      | Reached * piety under Makhleb
  6346 | D:7      | Noticed Pikel
  6361 | D:7      | Killed Pikel
  6500 | D:7      | Found a hazy altar of Hepliaklqana.
  6575 | D:7      | Found a blossoming altar of Fedhas.
  7281 | D:8      | Reached ** piety under Makhleb
  8225 | D:9      | Noticed Grum
  8235 | D:9      | Killed Grum
  8236 | D:9      | Reached XP level 11. HP: 81/84 MP: 0/0
  8236 | D:9      | Learned a level 5 spell: Metabolic Englaciation
  8265 | D:9      | Noticed Erolcha
  8284 | D:9      | Killed Erolcha
  8608 | D:9      | Noticed Harold
  8636 | D:9      | Killed Harold
  8815 | D:10     | Entered Level 10 of the Dungeon
  8952 | D:10     | Noticed Josephine
  8956 | D:10     | Reached *** piety under Makhleb
  8962 | D:10     | Killed Josephine
  9060 | D:10     | Reached skill level 10 in Dodging
  9236 | D:10     | Reached skill level 1 in Invocations
  9238 | D:10     | Reached XP level 12. HP: 86/89 MP: 0/0
  9254 | D:10     | Found an ornate altar of the Wu Jian Council.
  9610 | D:11     | Noticed Urug
  9616 | D:11     | Killed Urug
  9806 | D:11     | Found a staircase to the Lair.
  9866 | D:11     | Noticed a boulder beetle
  9878 | D:11     | Killed a boulder beetle
  9955 | D:11     | Noticed a boulder beetle
  9981 | D:11     | Killed a boulder beetle
  9982 | D:11     | Reached skill level 10 in Spellcasting
  9982 | D:11     | Reached skill level 10 in Conjurations
  9982 | D:11     | Reached skill level 10 in Hexes
  9982 | D:11     | Reached skill level 10 in Summonings
  9982 | D:11     | Reached skill level 10 in Necromancy
  9982 | D:11     | Reached skill level 10 in Translocations
  9982 | D:11     | Reached skill level 10 in Fire Magic
  9982 | D:11     | Reached skill level 10 in Ice Magic
  9982 | D:11     | Reached skill level 10 in Air Magic
  9982 | D:11     | Reached skill level 10 in Earth Magic
  9982 | D:11     | Reached skill level 10 in Alchemy
 10044 | D:11     | Found a hide-covered altar of Uskayaw.
 10251 | D:11     | Noticed a boulder beetle
 10266 | D:11     | Killed a boulder beetle
 10754 | D:11     | Noticed a two-headed ogre
 10760 | D:11     | Killed a two-headed ogre
 10761 | D:11     | Reached skill level 5 in Invocations
 11195 | Lair:1   | Entered Level 1 of the Lair of Beasts
 11290 | Lair:1   | Found a dark tunnel.
 11299 | Volcano  | Entered a volcano
 11347 | Volcano  | Reached skill level 10 in Fighting
 11393 | Volcano  | Reached XP level 13. HP: 44/96 MP: 0/0
 11393 | Volcano  | Learned a level 5 spell: Yara's Violent Unravelling
 11522 | Volcano  | Noticed a fire dragon
 11535 | Volcano  | Killed a fire dragon
 11752 | Lair:1   | Identified the amulet of Oplo {Regen+ Dex+4}
 12818 | Lair:2   | Reached **** piety under Makhleb
 12898 | Lair:2   | Identified the ring of Nuyfom {rN+ Will+ EV+5 Int+4}
 13026 | Lair:2   | Found a staircase to the Shoals.
 13769 | Lair:3   | Found a frozen archway.
 13773 | IceCv    | Entered an ice cave
 13951 | IceCv    | Noticed a white draconian
 13980 | IceCv    | Reached XP level 14. HP: 85/103 MP: 0/0
 13987 | IceCv    | Killed a white draconian
 14007 | IceCv    | Identified the ring of Interdependent Arising {Fire rElec}
 14089 | IceCv    | Reached ***** piety under Makhleb
 14212 | Lair:3   | Noticed Rupert
 14225 | Lair:3   | Killed Rupert
 14373 | Lair:3   | Found a hole to the Spider Nest.
 14460 | Lair:3   | Noticed Sonja
 14461 | Lair:3   | Killed Sonja
 14473 | Lair:3   | Noticed Snorg
 14481 | Lair:3   | Killed Snorg
 14634 | Lair:3   | Noticed Fannar
 14641 | Lair:3   | Killed Fannar
 15382 | Lair:5   | Entered Level 5 of the Lair of Beasts
 15473 | Lair:5   | Found a viscous altar of Jiyva.
 15474 | Lair:5   | Found a staircase to the Slime Pits.
 15634 | Lair:5   | Reached skill level 10 in Invocations
 15678 | Lair:5   | Reached skill level 1 in Shields
 15890 | Lair:5   | Reached XP level 15. HP: 91/107 MP: 0/0
 15890 | Lair:5   | Learned a level 6 spell: Sculpt Simulacrum
 15971 | Lair:5   | Found a corrupted altar of Lugonu.
 15971 | Lair:5   | Found a one-way gate to the infinite horrors of the Abyss.
 16155 | Lair:5   | Reached skill level 5 in Shields
 16205 | Lair:5   | Reached ****** piety under Makhleb
 16700 | D:12     | Found a staircase to the Orcish Mines.
 17853 | D:13     | Found Restriq's Magic Scroll Emporium.
 18275 | D:14     | Found a glowing golden altar of the Shining One.
 18400 | D:14     | Noticed a sphinx
 18402 | D:14     | Noticed a frost giant
 18737 | Spider:1 | Entered Level 1 of the Spider Nest
 18739 | Spider:1 | Noticed a broodmother
 18754 | Spider:1 | Reached XP level 16. HP: 37/113 MP: 0/0
 18763 | Spider:1 | HP: 5/113 [broodmother simulacrum (30)]
 18765 | Spider:1 | Mangled by a broodmother simulacrum

Illustrated notes

Levels and vault maps discovered:
D:1:      nzn_arrival_water_spiral, layout_rooms
D:2:      layout_loops_corners, basic_altar
D:3:      layout_basic, lemuel_crystal_altar, serial_shops,
          nicolae_shop_getting_attention,
          chequers_ecumenical_altar_simple_redux, minmay_box_of_dots,
          uniq_terence, uniq_jessica
D:4:      layout_basic, mainiacjoe_sewer_entry_somewhere_in_here_1
D:5:      layout_loops_ring, minmay_temple_entry_arrows, serial_undead,
          serial_undead_e, serial_undead_a, serial_undead_f, serial_undead_f,
          serial_shops, nicolae_shop_statue_plus, nicolae_shop_behind_doors,
          shop, shop, nicolae_concentric_dashed_squares_wild
D:6:      layout_gridville, uniq_edmund
D:7:      layout_basic, nicolae_overflow_hidden_temple,
          nzn_hepliaklqana_mist_gate, serial_shops, shop, uniq_pikel,
          uniq_maggie
D:8:      layout_layer_cave, serial_bayou_pond_e
D:9:      layout_loops_cross, uniq_erolcha, uniq_grum, uniq_harold
D:10:     layout_loops_cross, mainiacjoe_overflow_boulevard,
          nicolae_two_hexagons, minmay_liquid_box, uniq_josephine
D:11:     layout_grid_maze, dpeg_oklobed_lair, eat_drink_and_be_merry_uskayaw,
          uniq_urug
D:12:     layout_layer_cave, david_orc_2, lemuel_flame_loot_1
D:13:     layout_basic, serial_shops, shop
D:14:     minmay_containers, layout_cave_pools, erik_vaults_1,
          grunt_decor_junction, tso_altar
Temple:   minmay_temple_bridge_d
Lair:1:   layout_long_grid, nicolae_volcano_entry_two_sided,
          infiniplex_staircase_pool_2
Lair:2:   layout_layer_cave, shoals_dummy_entry, minmay_lindwurm_lava,
          grunt_megastairs_2, infiniplex_staircase_pool
Lair:3:   layout_chaotic_city, spider_nest_entry_webs,
          portal_ice_cave_entry_pillars_1, serial_bayou_lagoon_a,
          gammafunk_lair_bear_cave, uniq_snorg, uniq_rupert, uniq_fannar,
          uniq_sonja
Lair:4:   layout_hall_layers
Lair:5:   hellmonk_lair_end_abyssal_woods, layout_misc_corridors,
          dpeg_slime_entry_enclosed, hangedman_lair_unloving_vines,
          serial_bayou_shore_a, lemuel_fruit_tree
Spider:1: cheibrodos_forgotten_conduit

Skill      XL: |  1  2  3  4  5  6  7  8  9 10 11 12 13 14 15 |
---------------+----------------------------------------------+-----
Fighting       | 1 2 3 4 5 7 8 9 10 | 10.0
Spellcasting   | 4 5 7 8 9 10 12 13 14 | 14.3
Conjurations   | 4 5 7 8 9 10 12 13 14 | 14.3
Hexes          | 4 5 7 8 9 10 12 13 14 | 14.3
Summonings     | 4 5 7 8 9 10 12 13 14 | 14.3
Necromancy     | 4 5 7 8 9 10 12 13 14 | 14.3
Translocations | 4 5 7 8 9 10 12 13 14 | 14.3
Fire Magic     | 4 5 7 8 9 10 12 13 14 | 14.3
Ice Magic      | 4 5 7 8 9 10 12 13 14 | 14.3
Air Magic      | 4 5 7 8 9 10 12 13 14 | 14.3
Earth Magic    | 4 5 7 8 9 10 12 13 14 | 14.3
Alchemy        | 4 5 7 8 9 10 12 13 14 | 14.3
Staves         | 2 6 8 |  8.1
Dodging        | 6 7 10 | 10.0
Evocations     | 5 9 |  9.2
Invocations    | 1 5 7 10 | 10.0
Shields        | 3 5 |  5.0
Stealth        | |  1.5

Action                     |  1- 3 |  4- 6 |  7- 9 | 10-12 | 13-15 | 16-18 || total
---------------------------+-------+-------+-------+-------+-------+-------++-------
  Melee: Staff             |       |    15 |     7 |    86 |   147 |     8 ||   263
         Punch             |       |     1 |       |     2 |       |       ||     3
   Cast: Freeze            |    24 |     9 |    36 |     8 |       |       ||    77
         Magic Dart        |    33 |    40 |    61 |     5 |       |       ||   139
         Summon Ice Beast  |     2 |     6 |     9 |    35 |    36 |     1 ||    89
         Call Imp          |       |     3 |     8 |    18 |    12 |       ||    41
         Searing Ray       |       |       |    24 |    31 |    11 |       ||    66
         Frozen Ramparts   |       |       |     6 |    37 |    37 |     1 ||    81
         Ozocubu's Armour  |       |       |     4 |    33 |    49 |       ||    86
         Airstrike         |       |       |    14 |    91 |   512 |       ||   617
         Yara's Violent Un |       |       |       |       |     9 |       ||     9
         Metabolic Englaci |       |       |       |       |     2 |       ||     2
 Invoke: Lesser Servant of |       |       |       |     4 |     5 |       ||     9
         Minor Destruction |       |       |       |       |     1 |       ||     1
  Evoke: Phantom mirror    |       |       |       |     1 |     1 |       ||     2
         Wand              |       |       |       |       |     4 |       ||     4
         Box of beasts     |       |       |       |       |     2 |       ||     2
         Condenser vane    |       |       |       |       |     2 |       ||     2
    Use: Scroll            |       |     9 |     8 |     8 |     8 |       ||    33
         Potion            |       |       |     1 |     1 |     4 |     1 ||     7
   Stab: Distracted        |       |       |       |     1 |     3 |     1 ||     5
 Armour: Robe              |     2 |       |       |   143 |    46 |       ||   191
         Leather armour    |     2 |    12 |    40 |       |       |       ||    54
         Troll leather arm |       |       |       |       |   121 |    14 ||   135
         Skin              |       |       |       |       |     6 |       ||     6
  Dodge: Dodged            |    13 |    16 |    46 |   137 |   185 |    15 ||   412
  Block: Buckler           |       |       |       |       |   116 |     7 ||   123
